 Dungeon Crawl Stone Soup version 0.22-a0-388-g09e6169d0a (webtiles) character file.

1215 RedPan the Firebug (level 8, 0/60 HPs)
             Began as a Black Draconian Fire Elementalist on Apr 30, 2018.
             Was an Initiate of Cheibriados.
             Slain by a sky beast (2 damage)
             ... on level 6 of the Dungeon.
             The game lasted 00:13:22 (6056 turns).

RedPan the Firebug (DrFE)                           Turns: 6056, Time: 00:13:22

Health: 0/60       AC:  8    Str: 12    XL:     8   Next: 22%
Magic:  5/15       EV: 14    Int: 18    God:    Cheibriados [......]
Gold:   294        SH:  4    Dex: 13    Spells: 7/17 levels left

rFire    . . .     SeeInvis .   l - +0 dagger (venom)
rCold    . . .     Gourm    .   (no shield)
rNeg     + . .     Faith    .   (armour unavailable)
rPois    .         Spirit   .   (helmet restricted)
rElec    +         Reflect  +   (no cloak)
rCorr    .         Harm     .   (no gloves)
MR       +....                  e - +1 pair of boots
Stlth    ++........             g - +4 amulet of reflection
HPRegen  0.20/turn              y - ring of protection from magic
MPRegen  0.14/turn              t - ring of positive energy

@: very slow
A: breathe lightning, unfitting armour, electricity resistance, cold-blooded, AC
+6
a: Breathe Lightning, Bend Time, Renounce Religion


You were on level 6 of the Dungeon.
You worshipped Cheibriados.
Cheibriados was noncommittal.
You were not hungry.

You visited 2 branches of the dungeon, and saw 7 of its levels.

You collected 294 gold pieces.

Inventory:

Hand Weapons
 i - a +1 mace of draining
 l - a +0 dagger of venom (weapon)
Armour
 e - a +1 pair of boots (worn)
 q - a +0 large shield of positive energy
Jewellery
 g - a +4 amulet of reflection (around neck)
 r - an uncursed ring of flight
 t - a ring of positive energy (right hand)
 y - a ring of protection from magic (left hand)
Scrolls
 a - 2 scrolls of fear
 c - 3 scrolls of teleportation
 v - a scroll of remove curse
Potions
 d - a potion of magic
 f - 2 potions of might
 h - 3 potions of cancellation
 j - a potion of invisibility {unknown}
 k - a potion of curing {unknown}
 m - 2 potions of resistance
 o - a potion of brilliance {unknown}
 p - 3 potions of flight {unknown}
 s - a potion of heal wounds {unknown}
 u - 2 potions of agility {unknown}
Comestibles
 b - 12 rations


   Skills:
 + Level 1.7 Fighting
 + Level 4.6 Dodging
 - Level 1.7 Stealth
 - Level 5.0 Spellcasting
 + Level 5.1 Conjurations
 - Level 5.1 Fire Magic
 * Level 0.4 Invocations


You had 7 spell levels left.
You knew the following spells:

 Your Spells              Type           Power        Failure   Level  Hunger
a - Flame Tongue          Conj/Fire      ###..        1%          1    None
b - Conjure Flame         Conj/Fire      ###.....     4%          3    ##.....
c - Throw Flame           Conj/Fire      ###...       2%          2    #......
d - Sticky Flame          Conj/Fire      ###.....     16%         4    ####...


Dungeon Overview and Level Annotations

Branches:
Dungeon (6/15)             Temple (1/1) D:6

Altars:
Ashenzari
Cheibriados
Elyvilon
Fedhas
Gozag
Kikubaaqudgha
Makhleb
Nemelex Xobeh
Okawaru
Qazlal
Ru
Sif Muna
Trog
Uskayaw
Xom
Yredelemnul
Zin
The Shining One


Innate Abilities, Weirdness & Mutations

You can breathe wild blasts of lightning.
Your glossy black scales are hard. (AC +6)
You cannot fit into any form of body armour.
You are resistant to electric shocks. (rElec)
You are cold-blooded and may be slowed by cold attacks.


Message History

Something hits you but does no damage. The orc warrior hits you with a flail.
* * * LOW HITPOINT WARNING * * *
Casting: Flame Tongue (safe; 1% risk of failure)
Confirm with . or Enter, or press ? or * to list all spells.
Aiming: Flame Tongue (safe; 1% risk of failure)
Press: ? - help, Shift-Dir - straight line, f/p - orc warrior
Aim: an orc warrior, wielding a flail and wearing a chain mail (severely wounded)
The flame tongue misses the orc warrior.
Something hits you but does no damage.
You hit the orc warrior but do no damage.
The orc warrior is severely wounded.
The orc warrior hits you with a flail.
* * * LOW HITPOINT WARNING * * *
Something hits you but does no damage.
You barely miss the orc warrior.
The orc warrior is severely wounded.
The orc warrior hits you with a flail!
* * * LOW HITPOINT WARNING * * *
Something hits you.
You die...

#. #. #####. #+.
......# #.#
....... #.#
.......## #.#
......o{# #.# #@##
#.# #..# #.#
##'####.#####
#<..........#
#...........#
#...........#
#...........#
#...........#.....
#...........#.....


You could see an orc warrior.

Vanquished Creatures
  An ice beast (D:4)
  An ogre (D:4)
  A bullfrog (D:6)
  2 scorpions
  A howler monkey (D:4)
  A crimson imp (D:3)
  A hound (D:4)
  2 jellies (D:5)
  2 orc priests
  7 orc wizards
  An iguana (D:6)
  6 worker ants
  Terence (D:2)
  Natasha (thrice) (D:2)
  6 adders
  An adder zombie (D:5)
  An ooze (D:3)
  A worm (D:3)
  2 leopard geckos (D:5)
  28 orcs
  7 bats
  6 giant cockroaches
  9 goblins
  8 hobgoblins
  10 jackals
  A ball python (D:5)
  A ball python skeleton (D:4)
  6 frilled lizards
  7 kobolds
  A leopard gecko skeleton (D:4)
  A quokka skeleton (D:4)
  10 rats
  A butterfly (D:6)
137 creatures vanquished.

Notes
Turn   | Place    | Note
-------+----------+-------------------------------------------
     0 | D:1      | RedPan the Draconian Fire Elementalist began the quest for the Orb.
     0 | D:1      | Reached XP level 1. HP: 14/14 MP: 3/3
   555 | D:1      | Reached XP level 2. HP: 20/20 MP: 1/5
   942 | D:1      | Found a sparkling altar of Nemelex Xobeh.
  1148 | D:2      | Reached XP level 3. HP: 26/26 MP: 0/6
  1240 | D:2      | Noticed Terence
  1277 | D:2      | Killed Terence
  1292 | D:2      | Noticed Natasha
  1314 | D:2      | Killed Natasha
  1314 | D:2      | Reached XP level 4. HP: 16/33 MP: 1/7
  1496 | D:2      | Learned a level 3 spell: Conjure Flame
  1646 | D:2      | Reached XP level 5. HP: 14/38 MP: 1/9
  2145 | D:2      | Found an iron altar of Okawaru.
  2151 | D:2      | Noticed Natasha
  2156 | D:2      | Killed Natasha
  2213 | D:2      | Noticed Natasha
  2218 | D:2      | Killed Natasha
  2454 | D:3      | Learned a level 2 spell: Throw Flame
  2628 | D:3      | Reached XP level 6. HP: 45/45 MP: 10/10
  3159 | D:3      | Learned a level 4 spell: Sticky Flame
  3466 | D:4      | Noticed an ice beast
  3475 | D:4      | Killed an ice beast
  3884 | D:4      | Your scales start taking on a glossy black colour.
  3884 | D:4      | Reached XP level 7. HP: 34/50 MP: 8/12
  3884 | D:4      | Gained mutation: You are resistant to electric shocks. (rElec) [Black Draconian growth]
  4137 | D:4      | Reached skill level 5 in Fire Magic
  4849 | D:5      | Entered Level 5 of the Dungeon
  5122 | D:5      | Found a deep blue altar of Sif Muna.
  5288 | D:5      | Reached XP level 8. HP: 58/58 MP: 13/15
  5439 | D:5      | Found a glowing silver altar of Zin.
  5458 | D:5      | Reached skill level 1 in Fighting
  5602 | D:6      | Reached skill level 5 in Spellcasting
  5602 | D:6      | Reached skill level 5 in Conjurations
  5704 | D:6      | Found a staircase to the Ecumenical Temple.
  5847 | Temple   | Entered the Ecumenical Temple
  6001 | Temple   | Became a worshipper of Cheibriados the Contemplative
  6056 | D:6      | HP: 2/60 [orc warrior/flail (13)]
  6056 | D:6      | Slain by a sky beast

Vault maps used:
D:1:      roderic_dead_forest, nemelex_diamond_rough_becter
D:2:      first_ration, okawaru_gym_becter, uniq_terence, uniq_natasha
D:3:      minmay_wonky_spiral
D:4:      minmay_close_crescents
D:5:      zin_scriptorium, nicolae_overflow_crystal_walls
D:6:      lemuel_crystal_altar, kennysheep_little_box,
          lemuel_coloured_pillars_altar, minmay_temple_entry_butterflies,
          uniq_grinder, uniq_sigmund
Temple:   eino_temple_scatter_basement

Skill      XL: |  1  2  3  4  5  6  7  8 |
---------------+-------------------------+-----
Conjurations   | 2 3 4 5 |  5.1
Fire Magic     | 4 5 |  5.1
Dodging        | 2 3 4 |  4.6
Spellcasting   | 3 4 5 |  5.0
Fighting       | 1 |  1.7
Stealth        | |  1.7
Invocations    | |  0.4

Action                   |  1- 3 |  4- 6 |  7- 9 || total
-------------------------+-------+-------+-------++-------
Melee: Mace              |    32 |   161 |       ||   193
       Unarmed           |     2 |       |       ||     2
       Dagger            |     1 |    67 |    40 ||   108
       Tailslap          |     2 |    13 |     4 ||    19
 Cast: Flame Tongue      |    47 |    73 |   123 ||   243
       Conjure Flame     |       |       |     2 ||     2
  Use: Scroll            |       |     9 |     1 ||    10
 Stab: Sleeping          |       |     3 |     1 ||     4
  Eat: Chunk             |     2 |     9 |     6 ||    17
Armor: Skin              |    20 |   109 |    25 ||   154
Dodge: Dodged            |    33 |   147 |    60 ||   240
Block: Other             |       |    48 |    17 ||    65
       Reflection        |       |     2 |       ||     2

Table legend:
 A = Spawn XP
 B = Non-spawn XP
 C = Spawn XP percentage of total XP
 D = Spawn monster count
 E = Non-spawn monster count
 F = Spawn count percentage of total count
 G = Total turns spent on level
                    A         B        C        D         E        F      G
               +---------+---------+-------+---------+---------+-------+---------
         Total |       0 |    1736 |   0.0 |       0 |     136 |   0.0 |  6056
               +---------+---------+-------+---------+---------+-------+---------
           D:1 |       0 |      27 |   0.0 |       0 |      16 |   0.0 |  1103
           D:2 |       0 |     311 |   0.0 |       0 |      32 |   0.0 |  1273
           D:3 |       0 |     122 |   0.0 |       0 |      30 |   0.0 |  1012
           D:4 |       0 |     787 |   0.0 |       0 |      33 |   0.0 |  1523
           D:5 |       0 |     307 |   0.0 |       0 |      19 |   0.0 |   664
           D:6 |       0 |     182 |   0.0 |       0 |       6 |   0.0 |   309
               +---------+---------+-------+---------+---------+-------+---------
